 Dungeon Crawl Stone Soup version 0.29-a0-284-gf9362112df (webtiles) character file.

Game seed: 9590390693823953606

327 spaghetti the Sneak (level 6, -4/30 HPs)
             Began as a Vine Stalker Warper on Mar 30, 2022.
             Was a Believer of Ignis.
             Slain by an acid dragon (9 damage)
             ... summoned by an orc warrior
             ... on level 4 of the Dungeon.
             The game lasted 00:04:11 (2608 turns).

spaghetti the Sneak (Vine Stalker Warper)           Turns: 2608, Time: 00:04:12

Health: -4/30      AC:  4    Str: 14    XL:     6   Next: 50%
Magic:  0/19       EV: 11    Int: 13    God:    Ignis [**....]
Gold:   141        SH:  0    Dex: 15    Spells: 9/9 levels left

rFire   + . .      SeeInvis +   i - +1 short sword (holy) {short}
rCold   . . .      Faith    .   (no shield)
rNeg    . . .      Spirit   +   b - +0 leather armour
rPois   .          Reflect  .   n - +0 helmet {SInv}
rElec   .          Harm     .   (no cloak)
rCorr   .          Rampage  .   (no gloves)
Will    .....                   (no boots)
Stlth   +++.......              c - amulet of magic regeneration {@e2}
HPRegen 0.90/turn               x - ring of magical power
MPRegen 0.56/turn               y - ring of wizardry

@: lethally poisoned (-4 -> -6)
A: fangs 2, regeneration 1, magic shield, antimagic bite, no potion heal 2
a: Renounce Religion, Fiery Armour, Foxfire Swarm, Rising Flame


You were on level 4 of the Dungeon.
You worshipped Ignis.
Ignis was pleased with you.
You visited 1 branch of the dungeon, and saw 4 of its levels.

You collected 141 gold pieces.


Innate Abilities, Weirdness & Mutations

You have extremely sharp teeth.
Your natural rate of healing is unusually fast.
When hurt, damage is shared between your health and your magic reserves.
Your bite disrupts and absorbs the magic of your enemies.
Potions cannot restore your health.


   Skills:
 - Level 1.7 Fighting
 + Level 2.8(3.2) Short Blades
 - Level 2.2(2.9) Long Blades
 - Level 0.8 Throwing
 - Level 0.7 Armour
 - Level 1.5 Dodging
 * Level 6.6 Stealth
 - Level 2.1 Spellcasting
 - Level 3.0 Translocations


You had 9 spell levels left.
You didn't know any spells.
Your spell library contained the following spells:

 Spells                   Type           Power      Damage    Failure   Level
 Blink                    Tloc           18%        N/A       6%          2
 Gell's Gravitas          Tloc           9%         N/A       12%         3
 Lesser Beckoning         Tloc           9%         N/A       12%         3
 Teleport Other           Tloc           9%         N/A       12%         3
 Manifold Assault         Tloc           9%         N/A       67%         5

Inventory:

Hand Weapons
 a - a +0 falchion {long}
 i - a +1 short sword of holy wrath (weapon) {short}
   (You found it on level 1 of the Dungeon)
Missiles
 d - 7 boomerangs of dispersal (quivered) {=f!fthrowing}
 f - 83 stones {throwing}
 l - 5 curare-tipped darts {=fthrowing}
 u - 6 poisoned darts {throwing}
Armour
 b - a +0 leather armour (worn)
 n - a +0 helmet of see invisible (worn)
   (You found it on level 2 of the Dungeon)
Jewellery
 c - an amulet of magic regeneration (around neck) {@e2}
   (You found it on level 4 of the Dungeon)
 m - a ring of fire
   (You found it on level 2 of the Dungeon)
 x - a ring of magical power (left hand)
   (You found it on level 3 of the Dungeon)
 y - a ring of wizardry (right hand)
   (You found it on level 3 of the Dungeon)
Wands
 q - a wand of iceblast (8)
   (You found it on level 2 of the Dungeon)
Scrolls
 e - 2 scrolls of vulnerability {unknown}
 j - 2 scrolls of identify {unknown}
 p - a scroll of magic mapping {unknown}
 r - 2 scrolls of enchant armour {unknown}
 s - 4 scrolls of teleportation {unknown}
 v - 3 scrolls of fear {unknown}
Potions
 g - a potion of ambrosia {unknown}
 h - a potion of mutation {unknown}
 k - 2 potions of curing {unknown}
 o - a potion of invisibility {unknown}
 t - a potion of heal wounds {unknown}
 w - a potion of haste {unknown}

Dungeon Overview and Level Annotations

Branches:
Dungeon (4/15)
 Temple: D:4-7

Altars:
Ignis

#.# ###. .. #.# #. #.
#.# ## #. #.# .
##.####.####### ###
.....#.#.....####.#
#.####v #......).....)..
.....vv####).†<........#
#....oD@vv.†###.#......#
#....KSovv......#.......
##.#.######.###.#.#..#..
# #####.###.#.#.....
........>........#
####............#
###.#.#.......
#.#.....##.#
#.#......††.


You could see an orc warrior (ally target), an acid dragon (summoned, ally
target), an orc wizard (ally target), an adder (summoned) and a kobold
(summoned).


Message History

You take 4 damage, and now have 15/30 hp.
You lost 5 mp, and now have 10/19 mp.
The endoplasm quivers.
You hit the iguana. The iguana bites you!
* * * LOW HITPOINT WARNING * * *
😨 HP[-4] MP[-1]
You take 4 damage, and now have 11/30 hp.
You lost 1 mp, and now have 9/19 mp.
You hit the iguana but do no damage. Your bite misses the iguana.
The iguana barely misses you. 😨 HP[+1]
You hit the iguana. You bite the iguana.
You kill the iguana! 😨 HP[+1] MP[+1]
You hit the orc. Your bite misses the orc. The orc barely misses you.
You barely miss the orc.
The orc closely misses you. 😨 HP[+1] MP[+1]
You hit the orc.
You kill the orc!
The endoplasm closely misses you. 😨 HP[+1]
You hit the endoplasm. You bite the endoplasm.
You kill the endoplasm! 😮 HP[+1] MP[+1]
You start resting.
An orc warrior comes into view.
It is wielding a +0 vorpal halberd. 😮 HP[+1]
An orc warrior is nearby!
An orc warrior is nearby!
An orc warrior is nearby!
You see here a hound corpse. 😮 HP[+1] MP[+1]
There is a stone staircase leading up here. 😮 HP[+1]
You climb upwards.
There is a stone staircase leading down here. 😮 HP[+2] MP[+2]
You regained 2 hp, and now have 21/30 hp.
You regained 2 mp, and now have 15/19 mp.
You start resting. 😕 HP[+6] MP[+4]
You regained 6 hp, and now have 27/30 hp.
Your mp is fully restored (19).
You climb downwards.
There is a stone staircase leading up here. 😕 HP[+2]
You regained 2 hp, and now have 29/30 hp.
You see here a hound corpse. 😎 HP[+1]
Your hp is fully restored (30).
You see here a +0 club {mace}.
The orc warrior shouts!
The orc wizard shouts!
The orc wizard hits you but does no damage.
You hit the orc wizard.
You bite the orc wizard, but do no damage.
The orc warrior reads a scroll.
Wisps of shadow swirl around the orc warrior.
Unknown command.
Activating: Foxfire Swarm
Press: ? - help, Dir - look around, f - activate Flames leap up around you!
The orc wizard hits you with a +0 dagger.
The adder bites you but does no damage.
The orc warrior hits you from afar with a +0 vorpal halberd!
The foxfire hits the acid dragon but does no damage. 😮 HP[-8] MP[-6]
You take 8 damage, and now have 22/30 hp.
MASSIVE DAMAGE!! (PAUSE)
You lost 6 mp, and now have 13/19 mp.
You hit the orc wizard but do no damage.
Your bite misses the orc wizard.
The foxfire hits the orc wizard.
The foxfire hits the orc wizard but does no damage.
The foxfire hits the acid dragon but does no damage. x2
The foxfire hits the orc wizard but does no damage.
The foxfire hits the orc wizard.
The foxfire hits the acid dragon.
The adder bites you but does no damage. The orc warrior closely misses you.
The orc wizard misses you. 😕 HP[+1]
You hit the orc wizard.
You bite the orc wizard, but do no damage.
The adder bites you.
The orc wizard points at you and mumbles some strange words.
You easily resist.
The orc warrior closely misses you. The acid dragon bites you!
The acid dragon claws you.
* * * LOW HITPOINT WARNING * * *
😨 HP[-8] MP[-5]
You take 8 damage, and now have 15/30 hp.
MASSIVE DAMAGE!! (PAUSE)
You lost 5 mp, and now have 8/19 mp.
Activating: Foxfire Swarm
Press: ? - help, Dir - look around, f - activate Flames leap up around you!
The adder bites you.
* * * LOW HITPOINT WARNING * * *
You are poisoned.
The adder poisons you!
The orc warrior hits you from afar with a +0 vorpal halberd!
* * * LOW HITPOINT WARNING * * *
The orc wizard barely misses you. The adder bites you but does no damage.
The acid dragon bites you!
You die...

Skill      XL: |  1  2  3  4  5 |
---------------+----------------+-----
Long Blades    | 2 |  2.2
Stealth        | 1 2 3 5 6 |  6.6
Short Blades   | 1 2 |  2.8
Fighting       | |  1.7
Throwing       | |  0.8
Armour         | |  0.7
Dodging        | |  1.5
Spellcasting   | |  2.1
Translocations | |  3.0

Action                   |  1- 3 |  4- 6 || total
-------------------------+-------+-------++-------
Melee: Falchion          |    27 |       ||    27
       Bite              |    24 |    13 ||    37
       Short sword       |    77 |    44 ||   121
Invok: Foxfire Swarm     |       |     6 ||     6
  Use: Scroll            |       |     1 ||     1
 Stab: Sleeping          |     7 |     4 ||    11
Armor: Leather armour    |    31 |     8 ||    39
Dodge: Dodged            |    53 |    23 ||    76

Levels and vault maps discovered:
D:1:      evilmike_arrival_crescent, layout_loops_ring,
          shapermc_ecumenical_altar_mp_highgroup
D:2:      layout_loops_ring, minmay_shallow_snake_nest, uniq_terence
D:3:      layout_loops_ring
D:4:      cheibrodos_pilgrimage, layout_basic

Notes
Turn   | Place    | Note
-------+----------+-------------------------------------------
     0 | D:1      | spaghetti the Vine Stalker Warper began the quest for the
                  | Orb.
     0 | D:1      | Reached XP level 1. HP: 11/11 MP: 4/4
     0 | D:1      | magus.rc [v1.9.6]
   128 | D:1      | Reached skill level 2 in Long Blades
   128 | D:1      | Reached skill level 1 in Stealth
   173 | D:1      | Reached XP level 2. HP: 11/15 MP: 4/6
   293 | D:1      | You pick up a book of Displacement and begin reading...
   620 | D:1      | Found a faded altar of an unknown god.
   624 | D:1      | Prayed at the altar of an unknown god.
   624 | D:1      | Became a worshipper of Ignis, the Dying Flame
   787 | D:2      | Reached skill level 2 in Stealth
   809 | D:2      | Reached XP level 3. HP: 12/18 MP: 4/7
  1164 | D:2      | Reached skill level 3 in Stealth
  1183 | D:2      | Reached skill level 1 in Short Blades
  1817 | D:3      | Gained mutation: Your natural rate of healing is unusually
                  | fast. [Vine Stalker growth]
  1817 | D:3      | Reached XP level 4. HP: 23/23 MP: 8/8
  2032 | D:3      | Reached skill level 4 in Stealth
  2352 | D:4      | Noticed an ogre
  2355 | D:4      | HP: 1/23 [ogre/+0 giant club (17)]
  2358 | D:4      | Killed an ogre
  2359 | D:4      | Reached skill level 2 in Short Blades
  2359 | D:4      | Reached skill level 5 in Stealth
  2359 | D:4      | Reached XP level 5. HP: 5/26 MP: 1/9
  2551 | D:4      | Noticed a phantom
  2560 | D:4      | Killed a phantom
  2561 | D:4      | Reached skill level 6 in Stealth
  2561 | D:4      | Reached XP level 6. HP: 27/30 MP: 10/10
  2583 | D:4      | Noticed an orc warrior
  2605 | D:4      | Noticed an acid dragon
  2608 | D:4      | HP: 5/30 [orc warrior/+0 vorpal halberd (10)]
  2608 | D:4      | Slain by an acid dragon

Vanquished Creatures
  An ogre (D:4)
  A phantom (D:4)
  A hound (D:4)
  An iguana (D:4)
  4 gnolls (D:3)
  An adder (D:2)
  A worm (D:3)
  A dart slug (D:2)
  2 orcs (D:4)
  5 endoplasms
  A giant cockroach (D:4)
  5 hobgoblins
  3 jackals (D:2)
  8 kobolds
  2 quokkas
  6 ball pythons
  4 bats
  5 frilled lizards
  5 goblins
  8 rats
65 creatures vanquished.

Vanquished Creatures (others)
  44 foxfires
44 creatures vanquished.

Grand Total: 109 creatures vanquished

Table legend:
 A = Non-vault XP
 B = Vault XP
 C = Vault XP percentage of total XP
 D = Non-vault monster count
 E = Vault monster count
 F = Vault count percentage of total count
                 A         B        C        D         E       F
            +---------+---------+-------+---------+---------+-------
      Total |     468 |       0 |   0.0 |      65 |       0 |   0.0
            +---------+---------+-------+---------+---------+-------
        D:1 |      17 |       0 |   0.0 |      13 |       0 |   0.0
        D:2 |      50 |       0 |   0.0 |      24 |       0 |   0.0
        D:3 |      79 |       0 |   0.0 |      16 |       0 |   0.0
        D:4 |     322 |       0 |   0.0 |      12 |       0 |   0.0
            +---------+---------+-------+---------+---------+-------

Illustrated notes

Table legend:
 A = Kills in this place as a percentage of kills in entire the game.
 B = Kills by you in this place as a percentage of kills by you in the entire game.
 C = Kills by friends in this place as a percentage of kills by friends in the entire game.
 D = Other kills in this place as a percentage of other kills in the entire game.
 E = Experience gained in this place as a percentage of experience gained in the entire game.
 F = Experience gained in this place divided by the number of levels of this place that you have seen.
                   A       B       C       D       E      F
               +-------+-------+-------+-------+-------+----------------------
         Total | 100.0 | 100.0 |   N/A |   N/A | 100.0 | 117.0
       Dungeon | 100.0 | 100.0 |   N/A |   N/A | 100.0 | 117.0
               +-------+-------+-------+-------+-------+----------------------

Table legend: (Time is in decaauts)
 A = Elapsed time spent in this place.
 B = Non-inter-level travel time spent in this place.
 C = Inter-level travel time spent in this place.
 D = Time resting spent in this place.
 E = Time spent auto-exploring this place.
 F = Levels seen in this place.
 G = Mean time per level.
                   A        B        C        D        E       F      G
               +--------+--------+--------+--------+--------+-----+--------+
         Total |   2613 |   2537 |     76 |    162 |   1903 |   4 |  653.2 |
       Dungeon |   2613 |   2537 |     76 |    162 |   1903 |   4 |  653.2 |
               +--------+--------+--------+--------+--------+-----+--------+

Top non-repeatable levels by time:
     D:2: 884 daAuts
     D:3: 744 daAuts
     D:1: 738 daAuts
     D:4: 246 daAuts
